 Dungeon Crawl Stone Soup version 0.26-a0-597-gb535b0901c (webtiles) character file.

Game seed: 12695957731901304862

396 HoaS the Twirler (level 7, -10/52 HPs)
             Began as a Formicid Fighter on Sept 5, 2020.
             Killed by divine providence
             ... invoked by an orc priest
              (15 damage)
             ... on level 4 of the Dungeon.
             The game lasted 00:06:35 (2653 turns).

HoaS the Twirler (Formicid Fighter)                 Turns: 2653, Time: 00:06:35

Health: -10/52     AC: 12    Str: 23    XL:     7   Next: 9%
Magic:  7/7        EV:  5    Int:  7    God:
Gold:   163        SH: 10    Dex: 10    Spells: 6/6 levels left

rFire    . . .     SeeInvis +   a - +1 quarterstaff
rCold    + . .     Faith    .   c - +0 kite shield
rNeg     . . .     Spirit   .   g - +1 plate armour
rPois    .         Reflect  .   (helmet unavailable)
rElec    .         Harm     .   (no cloak)
rCorr    .                      (no gloves)
MR       +....                  (no boots)
Stlth    ..........             (no amulet)
HPRegen  0.17/turn              e - ring of protection from cold
MPRegen  0.10/turn              i - ring of protection from magic

@: no status effects
A: permanent stasis, dig shafts and tunnels, four strong arms, antennae 3
a: Dig, Shaft Self


You were on level 4 of the Dungeon.
You visited 1 branch of the dungeon, and saw 4 of its levels.

You collected 163 gold pieces.

Inventory:

Hand Weapons
 a - a +1 quarterstaff (weapon)
Missiles
 r - 33 bolts
Armour
 c - a +0 kite shield (worn)
 g - a +1 plate armour (worn)
Jewellery
 e - a ring of protection from cold (left hand)
 f - an uncursed ring of protection from cold
 i - a ring of protection from magic (right hand)
 j - an uncursed ring of protection from cold
Wands
 n - a wand of random effects (17)
Scrolls
 q - a scroll of identify
Potions
 b - 2 potions of curing {unknown}
 d - a potion of might
 h - a potion of mutation {unknown}
 k - a potion of stabbing {unknown}
 l - a potion of degeneration {unknown}
 m - a potion of heal wounds {unknown}
 o - a potion of flight {unknown}
 p - a potion of cancellation {unknown}


   Skills:
 - Level 3.2 Fighting
 * Level 5.9 Staves
 - Level 3.2 Armour
 + Level 5.8 Shields


You had 6 spell levels left.
You didn't know any spells.
Your spell library was empty.

Dungeon Overview and Level Annotations

Branches:
Dungeon (4/15)
 Temple: D:4-7

Altars:
Elyvilon
Okawaru
The Shining One


Innate Abilities, Weirdness & Mutations

You cannot be hasted, slowed, berserked, paralysed or teleported.
You can dig through walls and to a lower floor.
Your four strong arms can wield two-handed weapons with a shield.
You have a pair of large antennae on your head. (SInv)


Message History

The orc wizard casts a cantrip, but nothing happens.
The orc priest invokes the aid of Beogh against you.
Beogh smites you!
You barely miss the orc priest.
The orc priest casts a cantrip, but nothing happens.
You block the orc priest's attack.
You hit the orc priest.
The orc priest is lightly wounded.
The orc priest calls down the wrath of Beogh upon you.
Beogh smites you!
The orc priest calls down the wrath of Beogh upon you.
Pain shoots through your body!
You closely miss the orc priest.
The orc priest is lightly wounded.
The orc priest invokes the aid of Beogh against you.
Beogh smites you!
* * * LOW HITPOINT WARNING * * *
The orc priest mumbles some strange prayers to Beogh against you.
Beogh smites you!
You die...

####........##.....###..##...# #.
.....#.........#....###.#....###.
######.........#....###........#.
######....#.รท.............+.
#....#....###........##
##........# #.#......#
#######........# #.#..#####
######.....#........# #.##.#
.....'.....'...#@#### #...>#
####.#)....#####o# ######
#.#.....# #o# #.####### .o. #.#
.o... #.. ......# ### .......#
........# #........#


You could see 2 orc priests, an orc wizard and an orc.

Vanquished Creatures
  A scorpion (D:3)
  A hound (D:4)
  An orc priest (D:3)
  A gnoll shaman (D:4)
  A bullfrog skeleton (D:4)
  2 worker ants (D:4)
  4 adders
  4 gnolls (D:4)
  2 worms
  3 leopard geckos
  14 orcs
  A ball python (D:4)
  5 giant cockroaches
  5 goblins
  10 hobgoblins
  11 jackals (D:1)
  A quokka (D:4)
  11 bats
  A frilled lizard (D:1)
  10 kobolds
  A leopard gecko skeleton (D:4)
  7 rats
97 creatures vanquished.

Notes
Turn   | Place    | Note
-------+----------+-------------------------------------------
     0 | D:1      | HoaS the Formicid Fighter began the quest for the Orb.
     0 | D:1      | Reached XP level 1. HP: 18/18 MP: 1/1
    81 | D:1      | Reached XP level 2. HP: 18/24 MP: 2/2
   178 | D:1      | Reached XP level 3. HP: 25/29 MP: 3/3
   842 | D:2      | Found an iron altar of Okawaru.
   858 | D:2      | Reached XP level 4. HP: 24/35 MP: 4/4
  1181 | D:2      | Found a faded altar of an unknown god.
  1559 | D:3      | Reached XP level 5. HP: 30/41 MP: 5/5
  2047 | D:3      | Reached skill level 5 in Shields
  2161 | D:3      | Reached skill level 5 in Staves
  2161 | D:3      | Reached XP level 6. HP: 47/47 MP: 6/6
  2361 | D:4      | Reached XP level 7. HP: 52/52 MP: 7/7
  2442 | D:4      | Found a glowing golden altar of the Shining One.
  2457 | D:4      | Found a white marble altar of Elyvilon.
  2653 | D:4      | Killed from afar by an orc priest

Illustrated notes

Levels and vault maps discovered:
D:1:      lightli_arrival_flooded_house, layout_loops_cross
D:2:      layout_rooms, okawaru_metal_pillars_1_2,
          chequers_ecumenical_altar_twisty
D:3:      cheibrodos_pilgrimage, layout_rooms
D:4:      layout_basic, lemuel_crystal_altar, lemuel_crystal_altar,
          minmay_circle_x

Skill      XL: |  1  2  3  4  5 |
---------------+----------------+-----
Shields        | 4 5 |  5.8
Staves         | 3 4 5 |  5.9
Fighting       | |  3.2
Armour         | |  3.2

Action                   |  1- 3 |  4- 6 |  7- 9 || total
-------------------------+-------+-------+-------++-------
Melee: Quarterstaff      |   135 |   215 |    20 ||   370
 Abil: Dig               |       |     2 |       ||     2
  Use: Scroll            |     1 |     8 |     1 ||    10
Armor: Scale mail        |    52 |     1 |       ||    53
       Plate armour      |       |    90 |     5 ||    95
Dodge: Dodged            |    54 |    43 |     4 ||   101
Block: Kite shield       |    61 |   102 |     5 ||   168

Table legend: (Time is in decaauts)
 A = Elapsed time spent in this place.
 B = Non-inter-level travel time spent in this place.
 C = Inter-level travel time spent in this place.
 D = Time resting spent in this place.
 E = Time spent auto-exploring this place.
 F = Levels seen in this place.
 G = Mean time per level.
                   A        B        C        D        E       F      G
               +--------+--------+--------+--------+--------+-----+--------+
         Total |   2714 |   2628 |     86 |    345 |   1458 |   4 |  678.5 |
       Dungeon |   2714 |   2628 |     86 |    345 |   1458 |   4 |  678.5 |
               +--------+--------+--------+--------+--------+-----+--------+

Top non-repeatable levels by time:
     D:1: 849 daAuts
     D:3: 742 daAuts
     D:2: 623 daAuts
     D:4: 499 daAuts
